 Dungeon Crawl Stone Soup version 0.26-a0-665-gefeb406119 (webtiles) character file.

Game seed: 12971276756020772630

5236 Ijustatesigmund the Covert (level 10, -4/47 HPs)
             Began as a Spriggan Wanderer on Oct 15, 2020.
             Slain by a boulder beetle (23 damage)
             ... on level 9 of the Dungeon.
             The game lasted 00:31:13 (9770 turns).

Ijustatesigmund the Covert (Spriggan Wanderer)      Turns: 9770, Time: 00:31:13

Health: -4/47      AC:  7    Str: 11    XL:     10   Next: 35%
Magic:  0/13       EV: 27    Int: 11    God:
Gold:   418        SH:  0    Dex: 19    Spells: 11/14 levels left

rFire    + . .     SeeInvis +   a - +0 rapier
rCold    . . .     Faith    .   (shield restricted)
rNeg     . . .     Spirit   +   d - +2 robe {Archmagi}
rPois    .         Reflect  .   (helmet restricted)
rElec    .         Harm     .   c - +2 cloak
rCorr    .         Rampage  .   (gloves unavailable)
MR       +....                  (boots unavailable)
Stlth    +++++.....             i - amulet of guardian spirit
HPRegen  0.55/turn              (no ring)
MPRegen  0.13/turn              (no ring)

@: very quick
A: very small, unfitting armour, see invisible, blink, fire resistance 1, speed
3, frail 1, low mp 1, regeneration 1
a: Blink


You were on level 9 of the Dungeon.
You visited 2 branches of the dungeon, and saw 11 of its levels.

You collected 558 gold pieces.
You spent 140 gold pieces at shops.

Inventory:

Hand Weapons
 a - a +0 rapier (weapon)
 m - a +0 dagger of electrocution
 r - a +0 vampiric dagger
Armour
 c - a +2 cloak (worn)
 d - a +2 robe of the Archmagi (worn)
Jewellery
 i - an amulet of guardian spirit (around neck)
 n - an uncursed ring of teleportation
 z - a +6 ring of strength
Wands
 p - a wand of polymorph (15)
 s - a wand of disintegration (9)
Scrolls
 b - 2 scrolls of teleportation
 f - a scroll of fog
 g - 5 scrolls of identify
 j - a scroll of enchant armour
 l - a scroll of fear
 o - a scroll of immolation
 q - 2 scrolls of remove curse
Potions
 e - 2 potions of brilliance
 h - 2 potions of stabbing
 k - 2 potions of heal wounds
 t - a potion of magic {unknown}
 u - 3 potions of curing
 x - a potion of ambrosia


   Skills:
 + Level 6.3 Fighting
 + Level 8.4 Short Blades
   Level 1.3 Polearms
 + Level 10.3 Dodging
 + Level 11.4 Stealth
 - Level 2.6 Spellcasting
 - Level 1.0 Conjurations
 - Level 4.6 Translocations
   Level 4.0 Transmutations


You had 11 spell levels left.
You knew the following spells:

 Your Spells              Type           Power        Failure   Level
a - Magic Dart            Conj           #...         19%         1
b - Blink                 Tloc           N/A          6%          2

Your spell library contained the following spells:

 Spells                   Type           Power        Failure   Level
 Wereblood                Tmut           ###.....     8%          2
 Gell's Gravitas          Tloc           ###.......   12%         3
 Passwall                 Tmut/Erth      #.......     19%         2
 Call Imp                 Summ           #.......     38%         2
 Slow                     Hex            #.......     38%         2
 Conjure Flame            Conj/Fire      #.......     54%         3
 Mephitic Cloud           Conj/Pois/Air  #.......     56%         3
 Confusing Touch          Hex            #.......     63%         3
 Petrify                  Tmut/Erth      #.......     75%         4
 Yara's Violent Unravell  Hex/Tmut       #.........   97%         5
 Metabolic Englaciation   Hex/Ice        #.........   100%        5


Dungeon Overview and Level Annotations

Branches:
Dungeon (10/15)            Temple (1/1) D:5
   Lair: D:8-11         Orc: D:9-12

Altars:
Ashenzari
Cheibriados
Dithmenos
Elyvilon
Fedhas
Gozag
Hepliaklqana
Kikubaaqudgha
Nemelex Xobeh
Qazlal
Ru
Sif Muna
Trog
Uskayaw
Vehumet
Wu Jian
Xom
Yredelemnul
Zin
The Shining One

Shops:
D:6 }   D:7 :

Portals:
Trove: D:10 (give 5 scrolls of fear)

Annotations:
D:8 Harold


Innate Abilities, Weirdness & Mutations

You are very small and have problems with some larger weapons.
You are too small for most types of armour.
You have supernaturally acute eyesight. (SInv)
You cover ground extremely quickly.
You can translocate small distances at will.
Your flesh is heat resistant. (rF+)
You are frail. (-10% HP)
Your magical capacity is low. (-10% MP)
Your natural rate of healing is unusually fast.


Message History

The wyvern seems to be corroded for longer.
You kill the wyvern!
The bolt of acid misses the howler monkey.
The now-empty wand crumbles to dust.
The boulder beetle closely misses you.
The boulder beetle curls into a ball and begins rolling!
The boulder beetle misses you.
The boulder beetle stops rolling and uncurls.
Evoke which item? (* to show all) (? for menu, Esc to quit)
Aiming: Disintegrate
Press: ? - help, Shift-Dir - straight line, f/p - boulder beetle
Aim: a boulder beetle (heavily wounded, covered in acid, chance to defeat MR: 48%)
The boulder beetle is blasted!
You hit the boulder beetle.
The boulder beetle is severely wounded.
The boulder beetle bites you!!
You hit the boulder beetle but do no damage.
The boulder beetle is severely wounded.
The boulder beetle is no longer covered in acid.
The boulder beetle bites you!!
You die...

######## ≈.# #......# ≈.#
#......# #.# #....(.### #.#
#......#.. #.# #......#.# #.#
##################5..[....#
#.#####.........@B.l.oh5)[.......
#..##...################.......##
).....### #.........>.# )..####
.)...##......... ...# ..l#
##..###... ...# .. .......?...
..## #........... .....
#.#...♣.o.#. #..... ......♣.♣....


You could see a boulder beetle, a howler monkey (corroded), an iguana, a white
imp and an orc.

Vanquished Creatures
  2 two-headed ogres (D:8)
  Erica (D:9)
  Pikel (D:6)
  A kobold demonologist (D:7)
  A hornet (D:8)
  A wyvern (D:9)
  Purgy (D:3)
  2 orc warriors
  3 ogres
  4 centaurs
  A lemure (D:6)
  3 bullfrogs
  2 scorpions
  3 killer bees
  A wight (D:8)
  An electric eel (D:8)
  3 hounds
  A jelly (D:5)
  5 orc priests
  5 orc wizards
  A bullfrog skeleton (D:8)
  8 worker ants
  The ghost of zordking the Gusty, a weakling OpAE (D:4)
  A hound skeleton (D:6)
  Robin (D:3)
  3 gnolls (D:5)
  12 adders
  5 shadow imps
  A white imp (D:5)
  An ooze (D:3)
  4 dart slugs
  4 leopard geckos
  17 orcs
  9 bats
  4 giant cockroaches
  18 goblins
  10 hobgoblins
  3 jackals (D:3)
  2 quokkas
  A ball python (D:2)
  2 frilled lizards
  6 kobolds
  A leopard gecko skeleton (D:4)
  2 quokka skeletons
  A quokka zombie (D:7)
  8 rats
168 creatures vanquished.

Vanquished Creatures (collateral kills)
  4 orcs (D:6)
  A giant cockroach (D:6)
5 creatures vanquished.

Grand Total: 173 creatures vanquished

Notes
Turn   | Place    | Note
-------+----------+-------------------------------------------
     0 | D:1      | Ijustatesigmund the Spriggan Wanderer began the quest for
                  | the Orb.
     0 | D:1      | Ijustatesigmund set off with the following items: a +0
                  | dagger, a potion of lignification, a +0 robe; and the
                  | following spell memorised: Magic Dart; and the following
                  | spells available to memorise: Wereblood, Passwall, Blink,
                  | Call Imp, Slow, Conjure Flame, Mephitic Cloud
     0 | D:1      | Reached XP level 1. HP: 10/10 MP: 5/5
   244 | D:1      | Reached skill level 1 in Dodging
   362 | D:1      | Reached XP level 2. HP: 14/14 MP: 6/6
   366 | D:1      | Learned a level 2 spell: Blink
   490 | D:1      | Reached skill level 1 in Short Blades
   968 | D:1      | Reached XP level 3. HP: 18/18 MP: 8/8
  1248 | D:2      | Reached skill level 1 in Conjurations
  1306 | D:2      | Reached skill level 4 in Stealth
  1828 | D:2      | Reached skill level 1 in Translocations
  2232 | D:3      | Reached XP level 4. HP: 20/22 MP: 9/9
  2904 | D:3      | Found a runed translucent door.
  2904 | D:3      | Noticed zordking's ghost (weakling OpAE)
  2917 | D:4      | Gained mutation: Your muscles are strong. (Str +2) [potion
                  | of mutation]
  2917 | D:4      | Gained mutation: You expend magic power (3 MP) to
                  | strengthen your wands. [potion of mutation]
  2917 | D:4      | Gained mutation: You can translocate small distances at
                  | will. [potion of mutation]
  2935 | D:3      | Lost mutation: You expend magic power (3 MP) to strengthen
                  | your wands. [potion of mutation]
  2935 | D:3      | Lost mutation: Your muscles are strong. (Str +2) [potion of
                  | mutation]
  2935 | D:3      | Gained mutation: You evolve. [potion of mutation]
  2935 | D:3      | Gained mutation: Your magical capacity is low. (-10% MP)
                  | [potion of mutation]
  2935 | D:3      | Gained mutation: You are frail. (-10% HP) [potion of
                  | mutation]
  2935 | D:3      | Gained mutation: Your flesh is heat resistant. (rF+)
                  | [potion of mutation]
  3245 | D:3      | Reached XP level 5. HP: 22/22 MP: 9/9
  3388 | D:3      | Identified the +2 helmet "Libbynt" {rPois Str+3 Dex+2}
  3388 | D:3      | Noticed Robin
  3637 | D:3      | Killed Robin
  4041 | D:4      | Killed zordking's ghost
  4148 | D:4      | Noticed Purgy
  5110 | D:4      | Found a glowing golden altar of the Shining One.
  5132 | D:4      | Reached XP level 6. HP: 26/27 MP: 8/10
  5461 | D:5      | Entered Level 5 of the Dungeon
  5673 | D:3      | Killed Purgy
  5673 | D:3      | Reached skill level 5 in Stealth
  5673 | D:3      | Reached XP level 7. HP: 31/31 MP: 10/10
  6245 | D:5      | Gained mutation: Your natural rate of healing is unusually
                  | fast. [evolution]
  6245 | D:5      | Lost mutation: You evolve. [end of evolution]
  6349 | D:5      | Reached skill level 6 in Stealth
  6489 | D:5      | Found a staircase to the Ecumenical Temple.
  6624 | Temple   | Entered the Ecumenical Temple
  6817 | D:6      | Reached skill level 5 in Dodging
  6930 | D:6      | Found a blossoming altar of Fedhas.
  6977 | D:6      | Found Naecupn's Gadget Shop.
  7001 | D:6      | Bought a wand of iceblast (10) for 140 gold pieces
  7045 | D:6      | Reached XP level 8. HP: 31/36 MP: 3/11
  7056 | D:6      | Reached skill level 5 in Short Blades
  7148 | D:6      | Found a radiant altar of Vehumet.
  7261 | D:6      | Reached skill level 7 in Stealth
  7451 | D:6      | Found a sparkling altar of Nemelex Xobeh.
  7776 | D:7      | Noticed Pikel
  7891 | D:6      | Killed Pikel
  7891 | D:6      | Reached skill level 8 in Stealth
  8527 | D:7      | Found a transporter.
  8533 | D:7      | Noticed a kobold demonologist
  8550 | D:7      | Found a hazy altar of Hepliaklqana.
  8572 | D:7      | Found a transporter.
  8805 | D:7      | Found Uvyaxif's Book Boutique.
  9064 | D:7      | Reached XP level 9. HP: 41/41 MP: 12/12
  9067 | D:7      | Killed a kobold demonologist
  9067 | D:7      | Reached skill level 9 in Stealth
  9323 | D:8      | Noticed Harold
  9324 | D:8      | Reached skill level 5 in Fighting
  9325 | D:8      | Noticed a troll
  9360 | D:8      | Noticed a two-headed ogre
  9361 | D:8      | Killed a two-headed ogre
  9361 | D:8      | Reached skill level 10 in Stealth
  9453 | D:8      | Noticed a two-headed ogre
  9453 | D:8      | Killed a two-headed ogre
  9504 | D:9      | Reached XP level 10. HP: 47/47 MP: 13/13
  9566 | D:9      | Noticed a boulder beetle
  9567 | D:9      | Noticed Erica
  9577 | D:9      | Noticed a two-headed ogre
  9581 | D:10     | Entered Level 10 of the Dungeon
  9581 | D:10     | Found a portal to a secret trove of treasure.
  9707 | D:10     | Reached skill level 11 in Stealth
  9708 | D:10     | Noticed a gargoyle
  9763 | D:9      | Killed Erica
  9763 | D:9      | Reached skill level 10 in Dodging
  9770 | D:9      | Slain by a boulder beetle

Illustrated notes

Levels and vault maps discovered:
D:1:      heliophobic_arrival_glass_houses, layout_loops_ring,
          serial_bayou_pond_e
D:2:      layout_loops_ring
D:3:      kennysheep_goblin_castle, layout_rooms, ebering_ghost_reflecting_pool
D:4:      layout_rooms, old_standard_altar, uniq_purgy
D:5:      layout_cave_pools, minmay_temple_entry_glassed_door
D:6:      layout_loops_ring, nicolae_overflow_hidden_temple,
          nemelex_xobeh_ov_fountains_minmay, basic_altar, serial_shops,
          shop_fountains
D:7:      gammafunk_wand_slinger, layout_layer_cave, lemuel_crystal_altar,
          serial_shops, kennysheep_mini_moat, minivault_11, uniq_pikel
D:8:      layout_rooms, water_boxes_lemuel, uniq_gastronok, uniq_maggie,
          uniq_harold
D:9:      layout_rooms, lightli_temple_of_fire, okawaru_trees_2,
          lair_entry_dummy, zombieorc2_lemuel, uniq_erica
D:10:     layout_roguey, enter_trove_0
Temple:   eino_temple_scatter_basement

Skill      XL: |  1  2  3  4  5  6  7  8  9 10 |
---------------+-------------------------------+-----
Dodging        | 1 2 3 5 7 9 10 | 10.3
Short Blades   | 1 2 3 4 6 7 8 |  8.4
Conjurations   | 1 |  1.0
Stealth        | 4 5 6 8 10 11 | 11.4
Translocations | 2 3 4 |  4.6
Fighting       | 2 3 4 5 6 |  6.3
Polearms       | |  1.3
Spellcasting   | |  2.6
Transmutations | |  4.0

Action                   |  1- 3 |  4- 6 |  7- 9 | 10-12 || total
-------------------------+-------+-------+-------+-------++-------
Melee: Dagger            |    53 |    79 |     2 |       ||   134
       Short sword       |    96 |   208 |       |       ||   304
       Rapier            |       |       |   227 |    96 ||   323
Throw: Dart              |       |       |     8 |     2 ||    10
 Cast: Magic Dart        |     4 |     1 |       |       ||     5
       Blink             |       |     2 |     8 |       ||    10
Evoke: Wand              |       |       |    16 |     8 ||    24
  Use: Scroll            |     8 |    11 |     6 |       ||    25
       Potion            |       |     6 |     5 |       ||    11
 Stab: Sleeping          |     8 |     7 |    12 |     3 ||    30
       Distracted        |       |     1 |     1 |       ||     2
       Invisible         |       |       |     2 |       ||     2
Armor: Robe              |    19 |    63 |    23 |    16 ||   121
       Skin              |       |     2 |       |       ||     2
Dodge: Dodged            |   117 |   294 |   236 |   171 ||   818

Table legend: (Time is in decaauts)
 A = Elapsed time spent in this place.
 B = Non-inter-level travel time spent in this place.
 C = Inter-level travel time spent in this place.
 D = Time resting spent in this place.
 E = Time spent auto-exploring this place.
 F = Levels seen in this place.
 G = Mean time per level.
                   A        B        C        D        E       F      G
               +--------+--------+--------+--------+--------+-----+--------+
         Total |   7850 |   7643 |    207 |   3202 |   2695 |  11 |  713.6 |
       Dungeon |   7762 |   7563 |    199 |   3202 |   2614 |  10 |  776.2 |
        Temple |     88 |     81 |      7 |      0 |     81 |   1 |   88.0 |
               +--------+--------+--------+--------+--------+-----+--------+

Top non-repeatable levels by time:
     D:3: 1661 daAuts
     D:2: 1232 daAuts
     D:7: 1149 daAuts
     D:5: 937 daAuts
     D:1: 886 daAuts
     D:4: 825 daAuts
     D:6: 741 daAuts
     D:8: 120 daAuts
    D:10: 105 daAuts
     D:9: 103 daAuts
  Temple: 88 daAuts
